 Dungeon Crawl Stone Soup version 0.30-a0-959-g3818848631 (webtiles) character file.

Game seed: 5256162399737332878

106 112233 the Sneak (level 4, 0/25 (27) HPs)
             Began as an Octopode Earth Elementalist on Mar 29, 2023.
             Slain by Crazy Yiuf
             ... wielding a +4 quarterstaff of chaos
              (8 damage)
             ... on level 2 of the Dungeon on Mar 30, 2023.
             The game lasted 00:03:08 (2214 turns).

112233 the Sneak (Octopode Earth Elementalist)      Turns: 2214, Time: 00:03:08

HP:   0/25 (27)     AC:  1    Str:  7    XL:     4   Next: 84%
MP:   4/8           EV: 13    Int: 19    God:
Gold: 76            SH:  0    Dex: 12    Spells: 2/8 levels left

rFire   . . .      SeeInvis .    i - +0 dagger (vamp)
rCold   . . .      Faith    .    (no shield)
rNeg    . . .      Spirit   .    (helmet restricted)
rPois   .          Reflect  .    (no amulet)
rElec   .          Rampage  .    (no ring)
rCorr   .                        (no ring)
Will    .....                    (no ring)
Stlth   +++                      (no ring)
HPRegen 0.24/turn                (no ring)
MPRegen 0.11/turn                (no ring)
                                 (no ring)
                                 (no ring)

@: very slightly contaminated, drained
A: almost no armour, amphibious, 8 rings, camouflage 1, gelatinous body 1,
(nimble swimmer 1), tentacles
a: no special abilities


You were on level 2 of the Dungeon.
You visited 1 branch of the dungeon, and saw 2 of its levels.

You collected 76 gold pieces.

Inventory:

Hand Weapons
 i - a +0 vampiric dagger (weapon)
Armour
 f - a +0 kite shield
Scrolls
 d - 3 scrolls of teleportation {unknown}
 g - 2 scrolls of poison {unknown}
 j - a scroll of silence {unknown}
 k - a scroll of enchant armour {unknown}
Potions
 a - a potion of magic
 b - 2 potions of resistance {unknown}
 c - a potion of brilliance {unknown}
 e - a potion of flight {unknown}
 h - a potion of heal wounds {unknown}
 l - a potion of curing {unknown}


   Skills:
 + Level 2.7 Dodging
 + Level 3.9 Stealth
 + Level 2.7 Spellcasting
 + Level 2.1 Transmutations
 + Level 3.5 Earth Magic


You had 2 spell levels left.
You knew the following spells:

 Your Spells              Type           Power      Damage    Failure   Level
a - Sandblast             Erth           32%        2d9       3%          1
b - Stone Arrow           Conj/Erth      18%        3d8       22%         3
c - Passwall              Tmut/Erth      10%        N/A       8%          2

Your spell library contained the following spells:

 Spells                   Type           Power      Damage    Failure   Level
 Petrify                  Tmut/Erth      13%        N/A       43%         4


Dungeon Overview and Level Annotations

Branches:
Dungeon (2/15)

Altars:

Shops:
D:1 :

Annotations:
D:2 Crazy Yiuf


Innate Abilities, Weirdness & Mutations

You cannot wear most types of armour.
You are amphibious.
You can wear up to eight rings at the same time.
Your skin changes colour to match your surroundings (Stealth+).
Your rubbery body absorbs attacks. (AC +1, EV +1)
((You are camouflaged when in or above water. (Stealth+)))
You have tentacles for arms and can constrict up to eight enemies at once.


Message History

You hit the fungus.
The fungus begins to die.
You grab the fungus.
The fungus is lightly damaged.
You constrict the fungus. You hit the fungus. You squeeze the fungus!
The fungus is lightly damaged.
You constrict the fungus. You hit the fungus.
The fungus is lightly damaged.
You constrict the fungus. You hit the fungus. You squeeze the fungus.
The fungus is lightly damaged.
You constrict the fungus.
A nearby fungus withers and dies.
You lose your grip on the fungus.
Unknown command.
Found a hammer.
Found a runed translucent door.
No reachable target in view!
You open the door.
Casting: Sandblast (safe; 3% risk of failure)
Confirm with . or Enter, or press ? or * to list all spells.
Aiming: Sandblast (safe; 3% risk of failure)
Press: ? - help, Shift-Dir - straight line, f - Crazy Yiuf
Aim: Crazy Yiuf, wielding a +4 quarterstaff of chaos and wearing a +0 cloak (84% to hit)
The blast of sand hits Crazy Yiuf.
Crazy Yiuf is lightly wounded.
Crazy Yiuf hits you with a +4 quarterstaff of chaos!
Ouch! That really hurt!
You feel drained.
Casting: Sandblast (safe; 3% risk of failure)
Confirm with . or Enter, or press ? or * to list all spells.
The spell is extremely dangerous to miscast (22% risk of failure)!
Continue anyway? [Y]es or [N]o only, please.
The spell is extremely dangerous to miscast (22% risk of failure)!
Continue anyway?
Aiming: Stone Arrow (extremely dangerous; 22% risk of failure)
Press: ? - help, Shift-Dir - straight line, f/p - Crazy Yiuf
Aim: Crazy Yiuf, wielding a +4 quarterstaff of chaos and wearing a +0 cloak (lightly wounded, 69% to hit)
You miscast Stone Arrow.
You are very lightly contaminated with residual magic.
Nothing appears to happen.
Crazy Yiuf hits you with a +4 quarterstaff of chaos!
You die...

....#.....#
##'#.....#######.##.
....#.....#
#.#......#......##.
.####.....#
#.#......#.#..####. .#
#....##
############....... .#
#....# ###.#####
.####....# #...#
.........# ###
####..>#####
.####....# #)..###
##........... .#
#....#
#...g@####P#.....#####
.####....#
#...##..#.PP...#.#
......#..# ###
###.#....##.#
.####....# ########..#
.....<...# ##.##
.........##
########..#
..........#
#......#.##
..........# #......'.#
#####.....# #......###


You could see Crazy Yiuf.

Vanquished Creatures
  A hound (D:2)
  2 adders (D:2)
  A worm (D:2)
  A dart slug (D:1)
  An orc (D:2)
  3 endoplasms
  3 giant cockroaches
  7 hobgoblins
  4 jackals (D:2)
  2 quokkas (D:1)
  2 ball pythons (D:1)
  4 bats (D:1)
  3 frilled lizards
  4 goblins
  6 kobolds
  4 rats
48 creatures vanquished.

Vanquished Creatures (others)
  2 fungi (D:2)
  4 toadstools (D:1)
6 creatures vanquished.

Grand Total: 54 creatures vanquished

Notes
Turn   | Place    | Note
-------+----------+-------------------------------------------
     0 | D:1      | 112233 the Octopode Earth Elementalist began the quest for
                  | the Orb.
     0 | D:1      | Reached XP level 1. HP: 11/11 MP: 3/3
   111 | D:1      | Upgraded the game from 0.30-a0-954-gcf5f444c16 to
                  | 0.30-a0-959-g3818848631
   166 | D:1      | Reached XP level 2. HP: 17/17 MP: 5/5
   455 | D:1      | Found Gif Amua's Book Shoppe.
   685 | D:1      | Reached XP level 3. HP: 21/21 MP: 3/6
  1147 | D:2      | Reached XP level 4. HP: 27/27 MP: 3/7
  1635 | D:2      | Learned a level 3 spell: Stone Arrow
  1638 | D:2      | Learned a level 2 spell: Passwall
  2208 | D:2      | Found a runed translucent door.
  2209 | D:2      | Noticed Crazy Yiuf
  2214 | D:2      | Slain by Crazy Yiuf

Illustrated notes

Levels and vault maps discovered:
D:1:      ldierk_walled_garden_2, layout_basic, serial_shops, shop
D:2:      layout_basic, minmay_ruptured, uniq_crazy_yiuf_cottage

Skill      XL: |  1  2  3  4 |
---------------+-------------+-----
Stealth        | 3 |  3.9
Transmutations | 2 |  2.1
Dodging        | |  2.7
Spellcasting   | |  2.7
Earth Magic    | |  3.5

Action                     |  1- 3 |  4- 6 || total
---------------------------+-------+-------++-------
  Melee: Unarmed           |     6 |       ||     6
         Constrict         |     3 |     2 ||     5
         Tentacles         |     2 |     2 ||     4
         Dagger            |       |     7 ||     7
   Cast: Sandblast         |    26 |    32 ||    58
   Stab: Sleeping          |     3 |     1 ||     4
 Armour: Skin              |     1 |       ||     1
  Dodge: Dodged            |     1 |    10 ||    11

Table legend: (Time is in decaauts)
 A = Elapsed time spent in this place.
 B = Non-inter-level travel time spent in this place.
 C = Inter-level travel time spent in this place.
 D = Time resting spent in this place.
 E = Time spent auto-exploring this place.
 F = Levels seen in this place.
 G = Mean time per level.
                   A        B        C        D        E       F      G
               +--------+--------+--------+--------+--------+-----+--------+
         Total |   2242 |   2202 |     40 |    238 |   1686 |   2 | 1121.0 |
       Dungeon |   2242 |   2202 |     40 |    238 |   1686 |   2 | 1121.0 |
               +--------+--------+--------+--------+--------+-----+--------+

Top non-repeatable levels by time:
     D:2: 1302 daAuts
     D:1: 939 daAuts
